Ben, chaotic male elven Wizard ---------- ------------ |........| #...........| |........| # ###|@.......<.-######-........| --.------------ # ------------ |........| |.............| ### ------.--- # #-.......(.>...| # ###### ---|--- ###|........^.....### # |.....| # --------------- ### |.....|### ------- # |.....|# |.....| ## ##.......# )########-%....| ----.------ # |.....| # |.....-#######..........| ### ------- -------### |.....| |.........| --------- # |......# ------- |.........| |........###################......| |!........| |.......| # |.....| |.........| |.=..+.^.## ------- ----------- --------- Ben the Conjurer Experience level: 5 Strength: 6 Dexterity: 17 Constitution: 15 Intelligence: 22 Wisdom: 8 Charisma: 8 Health: 28(28) Energy: 61(61) AC: 6 Gold: 179 Moves: 1668 Your Inventory: Coins $ - 179 gold pieces Weapons a - a blessed +1 quarterstaff (weapon in hands) Armor b - an uncursed +0 cloak of magic resistance (being worn) q - an uncursed +0 orcish helm u - an uncursed +0 studded leather armor (being worn) Comestibles n - an uncursed slime mold p - an [uncursed] lichen corpse r - an [uncursed] food ration Scrolls i - 2 uncursed scrolls of destroy armor j - an uncursed scroll of food detection s - an uncursed scroll of enchant weapon Spellbooks k - a blessed spellbook of force bolt l - an uncursed spellbook of jumping x - an uncursed spellbook of detect monsters Potions f - an uncursed potion of monster detection h - an uncursed potion of water Rings d - an uncursed +3 ring of gain intelligence (on left hand) e - an uncursed ring of regeneration (on right hand) Wands c - an uncursed wand of probing (0:8) Tools m - an uncursed wooden harp Gems A - an uncursed worthless piece of white glass Spells known in the end: Name Level Category Fail Memory a - force bolt 1 attack 0% [||||||||] b - jumping 1 escape 0% [||||||||] c - detect monsters 1 divination 0% [||||||||] Your skills at the end: Fighting Skills Weapon Skills quarterstaff [Basic / Expert] Spellcasting Skills attack spells [Basic / Expert] enchantment spells [Basic / Skilled] Final Attributes: You were devoutly aligned. Hunger level was 650. Your alignment was 18 / 18. Monster difficulty range was 0 - 3. Level difficulty was 2. You were immune to sleep. You resisted poison. You were magic-protected. You were hallucinating. You saw invisible. You had infravision. You could teleport. You regenerated. You were unlucky (-1). You survived. Vanquished creatures: a water nymph a shrieker a kitten a hobbit 3 giant rats a yellow mold 3 geckos 3 jackals a fox 2 kobolds 3 goblins 4 grid bugs 3 lichens 2 kobold zombies 6 newts and a partridge in a pear tree 35 creatures vanquished. Voluntary challenges: You were an atheist. You used a wielded weapon 36 times. You read items or engraved 3 times. You put on armor 7 times. You never genocided any monsters. You never polymorphed an object. You never changed form. You used no wishes. You never wrote Elbereth's name. You never encountered a bones level. You never used any Sokoban shortcuts. Dungeon overview: The Dungeons of Doom: levels 1 to 2 Level 1 a long staircase Level 2 <- You were here History has recorded: On T:1 you entered the Dungeons of Doom to retrieve the Amulet of Yendor! On T:155 you advanced to experience level 2. On T:516 you advanced to experience level 3. On T:732 you advanced to experience level 4. On T:760 you reached level 2 of The Dungeons of Doom. On T:1612 you advanced to experience level 5. Latest messages: [HP+2=23] You finish eating the yellow mold corpse. Oh wow! Great stuff! You feel healthy. [HP+1=24] [5 turns] [HP+1=25] [HP+2=27] [2 turns] [HP+1=28] [2 turns] (2x) As you read the scroll, it disappears. This is an identify scroll. x - an uncursed spellbook of detect monsters. A - an uncursed worthless piece of white glass. n - an uncursed slime mold. Your surroundings suddenly seem different. [2 turns] (9x) Final status: Goodbye Ben the Wizard... You quit in The Dungeons of Doom on dungeon level 2 with 763 points, and 179 pieces of gold, after 1668 moves. You were level 5 with a maximum of 28 hit points when you quit.